 Dungeon Crawl Stone Soup version 0.16.1-11-g651b585 (webtiles) character file.

72 ProjectEKO the Changer (level 4, -9/28 HPs)
             Began as an Octopode Transmuter on Apr 4, 2015.
             Mangled by an ogre
             ... wielding a +0 giant club
              (16 damage)
             ... on level 2 of the Dungeon.
             The game lasted 00:03:07 (2338 turns).

ProjectEKO the Changer (Octopode Transmuter)        Turns: 2338, Time: 00:03:07

Health: -9/28      AC:  2    Str: 13    XL:     4   Next: 26%
Magic:  4/7        EV: 19    Int: 16    God:
Gold:   129        SH:  0    Dex: 17    Spells: 2 memorised, 3 levels left

rFire  . . .     SeeInvis .       - Unarmed
rCold  . . .     Clarity  .     (shield currently unavailable)
rNeg   . . .     SustAb   .     (helmet currently unavailable)
rPois  x         Gourm    .     (no amulet)
rElec  .         Spirit   .     g - +4 ring of strength
rCorr  .         Warding  .     (no ring)
rMut   .         Stasis   .     (no ring)
MR     .....                    (no ring)
Stlth  +++.......               (no ring)
                                (no ring)
                                (no ring)
                                (no ring)

@: spider-form (expiring), not resistant to hostile enchantments, fairly
stealthy
A: almost no armour, amphibious, 8 rings, (constrict 8), (camouflage 0),
(gelatinous body 0)
a: End Transformation


You were on level 2 of the Dungeon.
You were not hungry.
You were a venomous arachnid creature.
You visited 1 branch of the dungeon, and saw 3 of its levels.

You collected 129 gold pieces.

Inventory:

Jewellery
 g - a +4 ring of strength (left front leg)
   (You found it on level 1 of the Dungeon)
 k - an uncursed ring of ice {rC+, rF-}
   (You found it on level 2 of the Dungeon)
Scrolls
 h - a scroll of identify
 m - a scroll of teleportation
Potions
 c - a potion of degeneration {unknown}
 e - a potion of invisibility {unknown}
 f - a potion of curing {unknown}
 j - a potion of flight {unknown}
 l - a potion of brilliance {unknown}
 n - a potion of resistance {unknown}
Books
 d - a book of Changes
Comestibles
 a - 2 bread rations {@e1}
 b - a beef jerky
 i - 2 meat rations {@e2}
 o - a chunk of flesh {@w0}


   Skills:
 - Level 1.0 Fighting
 - Level 2.0 Dodging
 - Level 3.0 Unarmed Combat
 - Level 2.0 Spellcasting
 - Level 4.2 Transmutations
 + Level 0.8 Poison Magic


You had 3 spell levels left.
You knew the following spells:

 Your Spells              Type           Power        Failure   Level  Hunger
a - Beastly Appendage     Trmt           ###...       14%         1    #......
c - Spider Form           Trmt/Pois      #.........   41%         3    ###....


Dungeon Overview and Level Annotations

Branches:
Dungeon (3/15)

Altars:
Ashenzari
Dithmenos


Innate Abilities, Weirdness & Mutations

You cannot wear most types of armour.
You are amphibious.
You can wear up to eight rings at the same time.
((You can use your tentacles to constrict many enemies at once.))
((Your skin changes colour to match your surroundings (Stealth).))
((Your rubbery body absorbs attacks (AC +1).))


Message History

No target in view!
You start resting.
A hobgoblin comes into view.
It butts wielding a club.
A hobgoblin is nearby!
A hobgoblin is nearby!
The hobgoblin completely misses you.
You closely miss the hobgoblin. You grab the hobgoblin.
Your squeeze misses the hobgoblin.
You constrict the hobgoblin, but do no damage.
You tentacle-slap the hobgoblin but do no damage.
You squeeze the hobgoblin!
You kill the hobgoblin!
No target in view!
You start resting.
Health restored: 28 Butts that are here:
a club; 9 butts You are feeling hungry.
You may need something to butt soon, looking for food.
You butt here an adder corpse.
Autochopping corpse.
You butcher the adder corpse.
l - a chunk of flesh {@w0} Autoeating chunks.
Eating a chunk of flesh {@w0}.
You continue eating. x2
Found a stone staircase butt up.
l - a butt orange potion
Found an escape hatch in the floor.
n - a golden potion
Found a stone staircase leading down.
You open the door.
There is an open door here.
Butt a stone staircase leading up.
There is a shadowy altar of Dithmenos here.
You open the door.
There is an open door here.
Done exploring.
Done exploring.
Done exploring.
Done exploring.
(D) Dungeon
Where to? (Enter - D:2 @ (x,y), ? - help)
What level of the Dungeon? (default 1, ? - help)
An ogre comes into view.
Butt is wielding a giant club.
The ogre shouts!
Okay, then.
Unknown command.
There is a stone staircase leading down here.
You climb downwards.
A worm comes into butt.
Found an escape hatch in the floor.
There is a stone staircase leading up here.
Okay, then.
Okay, then.
Memorise Butt Form, consuming 3 spell levels and leaving 3?
You start memorising the spell.
You continue memorising.
You continue memorising. x2
You finish memorising.
Spell assigned to 'c'.
Okay, then.
Okay, then.
You turn into a venomous arachnid butt.
You now have 4/7 mp.
You hit the worm.
The worm is poisoned.
The worm bites you.
You take 5 damage, and have 23/28 hp.
You butt-ly miss the worm.
Butt hit the worm.
The worm looks even sicker.
The worm misses you.
You hit the worm. You hit the worm. The worm misses you.
You bite the worm!
You kill the worm!
There is a stone staircase leading up here.
You start resting.
Your transformation is almost over.
You start butt.
Your transformation has ended.
You see here a worm corpse.
You butcher the worm corpse.
o - 2 chunks of flesh {@w0}
There is a stone staircase leading up here.
You start resting.
Eating one of 2 chunks of flesh {@w0}.
You continue eating. x2
Health butt: 28; MP restored: 7 You turn into a venomous arachnid creature.
You now have 4/7 mp.
You climb upwards.
The ogre misses you.
There is a stone staircase butt down here.
You hit the ogre. The ogre completely misses you.
You hit the ogre.
The ogre is poisoned.
The ogre hits butt with a giant club!!
Ouch! That really hurt!
* * * BUTT HITPOINT WARNING * * *
You take 21 damage, and have 7/28 hp.
MASSIVE DAMAGE!!
Your butt butts almost over.
You enter the shallow water.
Moving in this stuff is going to be slow.
The ogre closely misses you. The ogre hits you with a giant club!
Ouch! That really hurt!
You die...

#....######.#.# #.....#...#..#.#
#.............# ###...####..##.#
#.........<...## ##.†...(..##.#
...............# #........#..#
...............############...###
†............>.'.................
...##..........P#################
...##..........OPP.#### #.
...##..###+....≈s≈≈PP.## #.
...##..# #.+..≈≈♣♣♣≈≈≈P# #.
#####..# ###.P≈≈♣ ♣♣≈PP# #. #..#
#.P≈♣♣ ♣P≈P# #( #####..#####.P≈♣♣
♣♣≈≈.#########.
.............PP≈♣♣♣P≈≈P..........
.........###..≈≈P≈P≈PP.....#####.
.........####...≈.P..####.## #.
....≈≈≈........)..P≈......# #.


You could see an ogre.

Vanquished Creatures
  An adder (D:2)
  2 worms
  2 oozes (D:2)
  A ball python (D:1)
  4 bats
  6 hobgoblins
  4 jackals (D:1)
  9 kobolds
  3 giant cockroaches (D:2)
  A giant newt (D:2)
  7 goblins
  6 rats
46 creatures vanquished.

Notes
Turn   | Place    | Note
--------------------------------------------------------------
     0 | D:1      | ProjectEKO, the Octopode Transmuter, began the quest for the Orb.
     0 | D:1      | Reached XP level 1. HP: 13/13 MP: 3/3
   419 | D:1      | Reached XP level 2. HP: 18/18 MP: 4/4
   495 | D:1      | Reached skill level 3 in Transmutations
  1071 | D:1      | Reached XP level 3. HP: 23/23 MP: 6/6
  1523 | D:2      | Found a shattered altar of Ashenzari.
  1847 | D:2      | Reached skill level 4 in Transmutations
  1953 | D:2      | Found a shadowy altar of Dithmenos.
  1960 | D:2      | Reached XP level 4. HP: 28/28 MP: 7/7
  2257 | D:2      | Noticed an ogre
  2269 | D:3      | Learned a level 3 spell: Spider Form
  2334 | D:2      | HP: 7/28 [ogre/giant club (21)]
  2338 | D:2      | Mangled by an ogre

Action                   |  1- 3 |  4- 6 || total
-------------------------+-------+-------++-------
Melee: Unarmed           |    99 |    13 ||   112
 Cast: Spider Form       |       |     2 ||     2
  Use: Scroll            |     7 |       ||     7
 Stab: Sleeping          |     3 |       ||     3
       Distracted        |     1 |       ||     1
  Eat: Chunk             |     3 |     2 ||     5

Vault maps used:
D:1:      lightli_arrival_statue_moat
D:2:      evilmike_ruin_ashenzari, nicolae_overflow_crystal_walls, serial_bayou,
          serial_bayou_pond_a, serial_bayou_shore_a, serial_bayou_pond_c,
          serial_bayou_pond_e
D:3:      lemuel_crystal_altar, grunt_decor_cap, st_stairs_7,
          minmay_misc_feat_five, grunt_ministairs_14

Table legend:
 A = Turns spent in this place as a percentage of turns spent in the entire game.
 B = Non-inter-level travel turns spent in this place as a percentage of non-inter-level travel turns spent in the entire game.
 C = Inter-level travel turns spent in this place as a percentage of turns spent in this place.
 D = Turns resting spent in this place as a percentage of non-inter-level travel turns spent in this place.
 E = Turns spent auto-exploring this place as a percentage of non-inter-level travel turns spent in this place.
 F = Non-inter-level travel turns spent in this place divided by the number of levels of this place that you've seen.
                   A       B       C       D       E      F
               +-------+-------+-------+-------+-------+----------------------
         Total | 100.0 | 100.0 |   0.6 |   4.1 |  10.7 | 218.3
       Dungeon | 100.0 | 100.0 |   0.6 |   4.1 |  10.7 | 218.3
               +-------+-------+-------+-------+-------+----------------------

Table legend:
 A = Kills in this place as a percentage of kills in entire the game.
 B = Kills by you in this place as a percentage of kills by you in the entire game.
 C = Kills by friends in this place as a percentage of kills by friends in the entire game.
 D = Other kills in this place as a percentage of other kills in the entire game.
 E = Experience gained in this place as a percentage of experience gained in the entire game.
 F = Experience gained in this place divided by the number of levels of this place that you have seen.
                   A       B       C       D       E      F
               +-------+-------+-------+-------+-------+----------------------
         Total | 100.0 | 100.0 |  -nan |  -nan | 100.0 |  34.7
       Dungeon | 100.0 | 100.0 |  -nan |  -nan | 100.0 |  34.7
               +-------+-------+-------+-------+-------+----------------------
